 Dungeon Crawl Stone Soup version 0.31-a0-640-g39d97e502b (webtiles) character file.

Game seed: 11335852705797646450

3612 qw the Skirmisher (level 10, -9/64 HPs)
             Began as a Gargoyle Hunter on Aug 27, 2023.
             Was an Initiate of Okawaru.
             Mangled by Erolcha
             ... wielding a +3 giant club
              (28 damage)
             ... on level 9 of the Dungeon.
             The game lasted 00:02:53 (6942 turns).

qw the Skirmisher (Gargoyle Hunter)                 Turns: 6942, Time: 00:02:54

Health: -9/64      AC: 19    Str: 15    XL:     10   Next: 11%
Magic:  10/10      EV: 12    Int: 10    God:    Okawaru [......]
Gold:   306        SH:  0    Dex: 17    Spells: 9/9 levels left

rFire   . . .        Y - +0 arbalest
rCold   . . .        (shield currently unavailable)
rNeg    + . .        c - +0 swamp dragon scales
rPois   inf          (no helmet)
rElec   +            h - +2 cloak
rCorr   .            (no gloves)
SInv    .            p - +0 pair of boots
Will    +....        j - amulet of faith
Stlth   +            n - ring of willpower
HPRegen 0.30/turn    (no ring)
MPRegen 0.12/turn

%: faith
@: no status effects
A: sickness immunity, AC +7, negative energy resistance 1, electricity
resistance, torment resistance 1, petrification resistance
a: Renounce Religion


You were on level 9 of the Dungeon.
You worshipped Okawaru.
Okawaru was noncommittal.
You visited 2 branches of the dungeon, and saw 10 of its levels.

You collected 543 gold pieces.
You spent 237 gold pieces at shops.


Innate Abilities, Weirdness & Mutations

You are immune to sickness and miasma.
Your stone body is resilient. (AC +7)
You are immune to poison.
You resist negative energy. (rN+)
You are resistant to electric shocks. (rElec)
You are resistant to unholy torment.
You are immune to petrification.


   Skills:
 - Level 8.0 Fighting
 + Level 11.9 Ranged Weapons
 - Level 4.0 Armour
 - Level 3.0 Dodging
 - Level 1.1 Stealth


You had 9 spell levels left.
You didn't know any spells.
Your spell library was empty.

Inventory:

Hand Weapons
 Y - a +0 arbalest (weapon)
Armour
 c - +0 swamp dragon scales (worn)
 h - a +2 cloak (worn)
 o - a +1 pair of boots
 p - a +0 pair of boots (worn)
 q - a +0 leather armour of fire resistance
Jewellery
 e - a ring of fire
 j - an amulet of faith (around neck)
 n - a ring of willpower (left hand)
Scrolls
 a - 3 scrolls of teleportation
 f - 2 scrolls of identify
Potions
 b - 2 potions of enlightenment
 d - a potion of might
 g - 3 potions of haste
 i - a potion of curing
 k - a potion of magic {unknown}
 l - a potion of resistance
 m - 3 potions of mutation

Dungeon Overview and Level Annotations

Branches:
Dungeon (9/15)             Temple (1/1) D:7            Lair (0/5) D:9
    Orc: D:9-12

Altars:
Ashenzari
Cheibriados
Dithmenos
Elyvilon
Fedhas
Gozag
Hepliaklqana
Kikubaaqudgha
Makhleb
Nemelex Xobeh
Okawaru
Qazlal
Ru
Sif Muna
Trog
Uskayaw
Vehumet
Wu Jian
Xom
Yredelemnul
Zin
The Shining One

Shops:
D:5 [   D:9 (

Annotations:
D:9 Erolcha


Message History

Found a potion of ambrosia and a robe.
A wight comes into view. It is wielding a +1 trident.
6656 ||| READING 4 scrolls of teleportation.
As you read the scroll of teleportation, it crumbles to dust.
You feel strangely unstable. The wight barely misses you.
You shoot a bolt. The bolt hits the wight!
The wight is moderately damaged.
The wight hits you from afar with a +4 halberd.
You shoot a bolt. The bolt hits the wight.
The wight is heavily damaged.
Your surroundings suddenly seem different.
You start resting.
HP restored.
Things that are here:
a +0 club; 5 poisoned darts; a kobold skeleton
There is a shimmering blue altar of Sif Muna here.
There is an entrance to Fuxzoopo's Antique Weapon Emporium here.
Found a club.
Found a stone staircase leading down.
Found a scroll of butterflies.
Found 2 potions of lignification.
Erolcha the Cunning comes into view.
She is wielding a +3 giant club and wearing a +2 robe of willpower.
Erolcha shouts!
You shoot a bolt.
The bolt hits Erolcha but does no damage.
You shoot a bolt. The bolt hits Erolcha!
Erolcha is moderately wounded.
Erolcha hits you with a +3 giant club!
You shoot a bolt.
The bolt hits Erolcha but does no damage.
Erolcha is moderately wounded.
Erolcha closely misses you.
You shoot a bolt.
The bolt hits Erolcha but does no damage.
Erolcha is moderately wounded.
Erolcha hits you with a +3 giant club!!
You shoot a bolt. The bolt hits Erolcha!
Erolcha is heavily wounded.
Erolcha hits you with a +3 giant club!!
You die...

............
#..........
#?........
#......!.
#.......
###......
.....>.O# #...@#
#....# #....#
##.#.#########
#.#.##.....}#
#.#.#..~~~..#
#.#...~~~~~.#
#.#.[.~~~~~\#
.##
####.#.#.~~~~~.#


You could see Erolcha.

Vanquished Creatures
  Maggie (D:6)
  A steam dragon (D:7)
  Menkaure (D:7)
  3 water moccasins
  2 black bears
  An ogre (D:4)
  A centaur (D:8)
  3 kobold brigands
  2 phantoms
  Blork the orc (D:6)
  8 scorpions
  A bullfrog (D:8)
  A gnoll sergeant (D:8)
  5 wights (D:8)
  4 killer bees (D:9)
  4 jellies
  A gnoll bouda (D:5)
  4 hounds
  3 sleepcaps
  3 iguanas
  3 orc wizards
  17 gnolls
  13 adders
  A shadow imp (D:8)
  3 white imps
  An ufetubus (D:5)
  A worm (D:2)
  2 dart slugs
  26 orcs
  6 bats
  6 endoplasms
  4 giant cockroaches
  11 goblins
  5 hobgoblins
  15 jackals
  2 quokkas
  7 ball pythons
  2 frilled lizards
  24 kobolds
  7 rats
206 creatures vanquished.

Vanquished Creatures (others)
  An orc wizard (D:9)
1 creature vanquished.

Grand Total: 207 creatures vanquished

Notes
Turn   | Place    | Note
-------+----------+-------------------------------------------
     0 | D:1      | qw the Gargoyle Hunter began the quest for the Orb.
     0 | D:1      | Reached XP level 1. HP: 12/12 MP: 1/1
     0 | D:1      | 0 ||| qw: Version: 0.3-a-74-g0d5e918
     0 | D:1      | 0 ||| qw: Game counter: 157
     0 | D:1      | 0 ||| qw: Melee chars always use a shield: true
     0 | D:1      | 0 ||| qw: God list: Okawaru
     0 | D:1      | 0 ||| qw: Allow faded altars: false
     0 | D:1      | 0 ||| qw: Do Orc after clearing Dungeon:15 true
     0 | D:1      | 0 ||| qw: Do second Lair branch before Depths: true
     0 | D:1      | 0 ||| qw: Lair rune preference: random
     0 | D:1      | 0 ||| qw: Goals: Normal
     0 | D:1      | 0 ||| PLANNING D:1-11
    45 | D:1      | Reached XP level 2. HP: 16/17 MP: 2/2
   308 | D:1      | Reached XP level 3. HP: 21/21 MP: 3/3
   335 | D:1      | Found a faded altar of an unknown god.
   365 | D:1      | Reached skill level 5 in Ranged Weapons
   522 | D:1      | 522 ||| READING scroll labelled ISHOET ATIAQUC.
   523 | D:1      | 523 ||| READING scroll labelled WEURAF XIEDE.
   524 | D:1      | 524 ||| READING scroll labelled PIJ REXUET JOR.
   525 | D:1      | 525 ||| READING scroll labelled AKHANAU MUCIO.
   529 | D:1      | 529 ||| DRINKING 2 ruby potions.
   530 | D:1      | 530 ||| DRINKING 2 black potions.
   531 | D:1      | 531 ||| DRINKING potion of curing.
   531 | D:1      | 531 ||| (to cure confusion)
   532 | D:1      | 532 ||| DROPPING scroll of butterflies.
   533 | D:1      | 533 ||| DROPPING potion of ambrosia.
   833 | D:2      | Reached skill level 3 in Fighting
  1007 | D:2      | Reached XP level 4. HP: 28/28 MP: 4/4
  1178 | D:2      | 1178 ||| UPGRADING to +0 cloak.
  1183 | D:2      | 1183 ||| READING scroll of enchant armour.
  1183 | D:2      | 1183 ||| ENCHANTING +0 cloak.
  1184 | D:2      | 1184 ||| DROPPING ring of wizardry.
  1206 | D:3      | 1206 ||| READING scroll of enchant armour.
  1206 | D:3      | 1206 ||| ENCHANTING +1 cloak.
  1292 | D:3      | You fall into a shaft and drop 2 floors!
  1292 | D:5      | Entered Level 5 of the Dungeon
  1341 | D:5      | Reached XP level 5. HP: 22/32 MP: 5/5
  1343 | D:5      | 1343 ||| Stepping ~*~*~tactically~*~*~ (outnumbered).
  1346 | D:5      | 1346 ||| Stepping ~*~*~tactically~*~*~ (outnumbered).
  1351 | D:5      | Reached skill level 6 in Ranged Weapons
  1358 | D:5      | Reached skill level 1 in Armour
  1447 | D:5      | 1447 ||| READING scroll labelled ZAFAENK ENUTI.
  1562 | D:4      | 1562 ||| DRINKING 2 viscous ruby potions.
  1563 | D:4      | 1563 ||| READING 2 scrolls of identify.
  1563 | D:4      | 1563 ||| IDENTIFYING coppery potion
  1564 | D:4      | 1564 ||| DROPPING potion of degeneration.
  1621 | D:3      | Reached XP level 6. HP: 38/38 MP: 6/6
  1956 | D:3      | 1956 ||| SWAPPING to +0 arbalest.
  1957 | D:3      | 1957 ||| DROPPING +1 shortbow of draining.
  1958 | D:3      | 1958 ||| UPGRADING to amulet of faith.
  2079 | D:4      | Identified the +8 flail of Rotation {vamp, +Blink rC+}
  2395 | D:4      | Reached skill level 7 in Ranged Weapons
  2472 | D:4      | Reached XP level 7. HP: 43/43 MP: 7/7
  2680 | D:4      | 2680 ||| UPGRADING to +0 pair of boots.
  2685 | D:4      | 2685 ||| READING scroll labelled LIMEJI TUNOLL.
  2686 | D:4      | 2686 ||| DRINKING 2 fuming ruby potions.
  2687 | D:4      | 2687 ||| DRINKING 2 puce potions.
  2688 | D:4      | 2688 ||| DRINKING 2 fuming red potions.
  2689 | D:4      | 2689 ||| READING 2 scrolls of identify.
  2689 | D:4      | 2689 ||| IDENTIFYING red potion
  2708 | D:5      | Reached skill level 8 in Ranged Weapons
  2785 | D:5      | 2785 ||| Stepping ~*~*~tactically~*~*~ (retreating).
  2953 | D:5      | Reached XP level 8. HP: 49/49 MP: 8/8
  3181 | D:5      | Found Muskit's Antique Armour Emporium.
  3192 | D:5      | 3192 ||| BUYING glowing cloak (142 gold).
  3192 | D:5      | Bought a glowing cloak for 142 gold pieces
  3192 | D:5      | 3192 ||| BUYING glowing leather armour (95 gold).
  3192 | D:5      | Bought a glowing leather armour for 95 gold pieces
  3192 | D:5      | 3192 ||| SHOPLISTING runed leather armour (95 gold, have
                  | 40).
  3243 | D:5      | Reached skill level 9 in Ranged Weapons
  3419 | D:5      | 3419 ||| UPGRADING to +0 ring mail.
  3429 | D:5      | 3429 ||| DROPPING +0 leather armour.
  3430 | D:5      | 3430 ||| DROPPING +0 cloak of willpower.
  3431 | D:5      | 3431 ||| UPGRADING to +0 leather armour of fire resistance.
  3441 | D:5      | 3441 ||| READING 2 scrolls of identify.
  3441 | D:5      | 3441 ||| IDENTIFYING silvery potion
  3442 | D:5      | 3442 ||| DROPPING potion of attraction.
  3478 | D:6      | Noticed Blork the orc
  3485 | D:6      | Killed Blork the orc
  3573 | D:6      | Found a stormy altar of Qazlal.
  3591 | D:6      | Found a white marble altar of Elyvilon.
  3610 | D:6      | HP: 11/51 [black bear (4)]
  3611 | D:6      | 3611 ||| READING 5 scrolls of teleportation.
  3611 | D:6      | HP: 5/51 [black bear (6)]
  3613 | D:6      | Reached skill level 6 in Fighting
  3723 | D:6      | 3723 ||| FLEEEEING.
  3726 | D:6      | 3726 ||| FLEEEEING.
  3733 | D:6      | 3733 ||| FLEEEEING.
  3734 | D:6      | 3734 ||| STAIRDANCE
  3777 | D:5      | 3777 ||| READING 2 scrolls of identify.
  3777 | D:5      | 3777 ||| IDENTIFYING cyan potion
  3778 | D:5      | 3778 ||| DROPPING potion of lignification.
  3920 | D:6      | Noticed Maggie
  3926 | D:6      | Killed Maggie
  3927 | D:6      | Reached skill level 10 in Ranged Weapons
  3959 | D:6      | Reached XP level 9. HP: 56/56 MP: 9/9
  4225 | D:6      | 4225 ||| UPGRADING to +0 swamp dragon scales.
  4235 | D:6      | 4235 ||| DROPPING +0 ring mail.
  4236 | D:6      | 4236 ||| UPGRADING to ring of willpower.
  4296 | D:7      | Reached skill level 3 in Armour
  4402 | D:7      | 4402 ||| FLEEEEING.
  4403 | D:7      | 4403 ||| FLEEEEING.
  4404 | D:7      | 4404 ||| FLEEEEING.
  4405 | D:7      | 4405 ||| FLEEEEING.
  4406 | D:7      | 4406 ||| FLEEEEING.
  4407 | D:7      | 4407 ||| FLEEEEING.
  4408 | D:7      | 4408 ||| FLEEEEING.
  4409 | D:7      | 4409 ||| FLEEEEING.
  4410 | D:7      | 4410 ||| FLEEEEING.
  4411 | D:7      | 4411 ||| FLEEEEING.
  4412 | D:7      | 4412 ||| FLEEEEING.
  4413 | D:7      | 4413 ||| FLEEEEING.
  4414 | D:7      | 4414 ||| FLEEEEING.
  4415 | D:7      | 4415 ||| FLEEEEING.
  4416 | D:7      | 4416 ||| FLEEEEING.
  4422 | D:7      | 4422 ||| FLEEEEING.
  4423 | D:7      | 4423 ||| FLEEEEING.
  4424 | D:7      | 4424 ||| FLEEEEING.
  4425 | D:7      | 4425 ||| FLEEEEING.
  4426 | D:7      | 4426 ||| FLEEEEING.
  4429 | D:7      | 4429 ||| FLEEEEING.
  4430 | D:7      | 4430 ||| FLEEEEING.
  4431 | D:7      | 4431 ||| FLEEEEING.
  4432 | D:7      | 4432 ||| FLEEEEING.
  4433 | D:7      | 4433 ||| FLEEEEING.
  4436 | D:7      | 4436 ||| FLEEEEING.
  4437 | D:7      | 4437 ||| FLEEEEING.
  4442 | D:7      | 4442 ||| FLEEEEING.
  4443 | D:7      | 4443 ||| FLEEEEING.
  4444 | D:7      | 4444 ||| FLEEEEING.
  4445 | D:7      | 4445 ||| FLEEEEING.
  4446 | D:7      | 4446 ||| FLEEEEING.
  4447 | D:7      | 4447 ||| FLEEEEING.
  4448 | D:7      | 4448 ||| FLEEEEING.
  4591 | D:7      | Found a staircase to the Ecumenical Temple.
  4592 | D:7      | 4592 ||| PLANNING TEMPLE
  4592 | D:7      | 4592 ||| READING 2 scrolls of identify.
  4592 | D:7      | 4592 ||| IDENTIFYING fuming inky potion
  4593 | D:7      | 4593 ||| DROPPING potion of brilliance.
  4603 | D:7      | 4603 ||| Stepping ~*~*~tactically~*~*~ (cloud).
  4618 | Temple   | Found a transporter.
  4618 | Temple   | Found a transporter.
  4618 | Temple   | Found a transporter.
  4618 | Temple   | Found a transporter.
  4618 | Temple   | Entered the Ecumenical Temple
  4619 | Temple   | 4619 ||| PLANNING D:1-11
  4748 | D:7      | Noticed Menkaure
  4753 | D:7      | Killed Menkaure
  4763 | D:7      | Found an opulent altar of Gozag.
  4875 | D:7      | Reached skill level 11 in Ranged Weapons
  5215 | D:7      | 5215 ||| READING scroll labelled VUPLITHEPS.
  5216 | D:7      | 5216 ||| READING scroll labelled ZYORAST VAITH.
  5299 | D:8      | Reached skill level 3 in Dodging
  5447 | D:8      | 5447 ||| Stepping ~*~*~tactically~*~*~ (retreating).
  5586 | D:8      | Found a flagged portal.
  6369 | D:8      | 6369 ||| READING scroll labelled SEFIWUEJOI.
  6370 | D:8      | 6370 ||| READING scroll labelled PYFEOM NANYLO.
  6422 | D:9      | Reached XP level 10. HP: 63/64 MP: 10/10
  6517 | D:9      | Found a snail-covered altar of Cheibriados.
  6517 | D:9      | Found a shimmering blue altar of Sif Muna.
  6535 | D:9      | 6535 ||| Stepping ~*~*~tactically~*~*~ (outnumbered).
  6537 | D:9      | 6537 ||| Stepping ~*~*~tactically~*~*~ (outnumbered).
  6592 | D:9      | Found an iron altar of Okawaru.
  6594 | D:9      | Found a glowing golden altar of the Shining One.
  6595 | D:9      | 6595 ||| PLANNING OKAWARU WORSHIP
  6603 | D:9      | Became a worshipper of Warmaster Okawaru
  6604 | D:9      | 6604 ||| PLANNING D:1-11
  6641 | D:9      | Found a staircase to the Lair.
  6652 | D:9      | HP: 15/64 [troll (7)]
  6653 | D:9      | 6653 ||| READING 5 scrolls of teleportation.
  6656 | D:9      | 6656 ||| READING 4 scrolls of teleportation.
  6657 | D:9      | HP: 5/64 [wight/+4 halberd (4)]
  6914 | D:9      | Found Fuxzoopo's Antique Weapon Emporium.
  6937 | D:9      | Noticed Erolcha
  6942 | D:9      | Mangled by Erolcha

Levels and vault maps discovered:
D:1:      minmay_arrival_four_houses, layout_rooms,
          hellmonk_ecumenical_altar_zigzags, chequers_jeans, minmay_tetromino_i2
D:2:      layout_basic, grunt_decor_arrowhead
D:3:      layout_rooms, minivault_5
D:4:      minmay_razor_zed, layout_rooms
D:5:      layout_loops_ring, serial_shops, shop
D:6:      layout_cave_pools, nicolae_qazlal_scattered_showers,
          old_standard_altar, uniq_maggie, uniq_blork_the_orc
D:7:      layout_basic, lemuel_doored_altar, minmay_temple_entry_sparse_star,
          uniq_menkaure
D:8:      layout_basic, enter_bailey_2
D:9:      layout_basic, nicolae_overflow_macrodata_refinement, lair_entry_dummy,
          serial_shops, nicolae_lakefront_shop, uniq_erolcha
Temple:   hellmonk_temple_divided_pantheon

Skill      XL: |  1  2  3  4  5  6  7  8  9 |
---------------+----------------------------+-----
Ranged Weapons | 5 6 7 8 10 11 | 11.9
Fighting       | 3 4 5 6 8 |  8.0
Armour         | 1 4 |  4.0
Dodging        | 2 3 |  3.0
Stealth        | |  1.1

Action                     |  1- 3 |  4- 6 |  7- 9 | 10-12 || total
---------------------------+-------+-------+-------+-------++-------
   Fire: Shortbow          |   115 |    80 |       |       ||   195
         Arbalest          |       |    59 |   313 |    76 ||   448
    Use: Scroll            |     4 |     4 |    10 |     2 ||    20
         Potion            |     3 |     1 |     3 |       ||     7
 Armour: Leather armour    |     6 |    40 |   109 |       ||   155
         Swamp dragon scal |       |       |    64 |    53 ||   117
  Dodge: Dodged            |    26 |    53 |   174 |    52 ||   305

Table legend:
 A = Non-vault XP
 B = Vault XP
 C = Vault XP percentage of total XP
 D = Non-vault monster count
 E = Vault monster count
 F = Vault count percentage of total count
                 A         B        C        D         E       F
            +---------+---------+-------+---------+---------+-------
      Total |    4201 |     960 |  18.6 |     190 |      17 |   8.2
            +---------+---------+-------+---------+---------+-------
        D:1 |      40 |       4 |   9.1 |      24 |       2 |   7.7
        D:2 |      40 |       0 |   0.0 |      21 |       0 |   0.0
        D:3 |      44 |       0 |   0.0 |      13 |       0 |   0.0
        D:4 |     254 |     318 |  55.6 |      23 |      12 |  34.3
        D:5 |     866 |       0 |   0.0 |      37 |       0 |   0.0
        D:6 |     367 |     473 |  56.3 |      15 |       2 |  11.8
        D:7 |    1105 |     165 |  13.0 |      21 |       1 |   4.5
        D:8 |     935 |       0 |   0.0 |      17 |       0 |   0.0
        D:9 |     550 |       0 |   0.0 |      19 |       0 |   0.0
            +---------+---------+-------+---------+---------+-------
